Map: Abyssal Reef LE

Players

Loken

  • Race: Protoss Protoss
  • League: Platinum
  • Spawn Location: 11:00

dallaskuken - Winner!

  • Race: Protoss Protoss
  • League: Platinum
  • Spawn Location: 5:00

VOD

Have the link to the VOD?

Description

Time

  • Played on: April 4, 2017, 3 p.m.
  • Length: 6:17
Show
View Real Time Build Order
Export as new Build Order

Loken Protoss 

Build Orders:  

Get SALT Encoding   

  12  0:04  Probe (Chrono Boost)  
  14  0:14  Probe (Chrono Boost)  
  14  0:20  Pylon  
  14  0:26  Probe (Chrono Boost)  
  15  0:38  Probe (Chrono Boost)  
  15  0:40  Gateway  
  16  0:49  Probe (Chrono Boost)  
  17  0:53  Assimilator  
  17  0:59  Probe (Chrono Boost)  
  17  1:00  Assimilator  
  18  1:10  Probe (Chrono Boost)  
  19  1:18  Pylon  
  19  1:30  Cybernetics Core  
  19  1:32  Gateway  
  19  1:34  Probe (Chrono Boost)  
  20  1:45  Probe (Chrono Boost)  
  21  1:53  Gateway  
  21  1:55  Probe (Chrono Boost)  
  22  2:06  Probe (Chrono Boost)  
  22  2:07  Warp Gate, Stalker  
  25  2:25  Stalker  
  27  2:37  Stalker, Pylon  
  27  2:42  Stalker  
  31  2:55  Stalker  
  31  2:56  Probe (Chrono Boost)  
  31  2:57  Pylon  
  34  3:06  Probe (Chrono Boost)  
  34  3:07  Stalker  
  37  3:13  Stalker  
  39  3:29  Pylon  
  39  3:52  Gateway  
  39  3:54  Gateway  
  39  4:12  Stalker x3  
  43  4:42  Stalker  
  43  4:43  Stalker x2  
  49  4:48  Pylon x2  
  49  4:51  Stalker x2  
  51  5:16  Stalker  
  51  5:17  Stalker x2  
  39  5:45  Stalker x2  
  39  5:46  Stalker  
Show
View Real Time Build Order
Export as new Build Order

dallaskuken Protoss - Winner!

Build Orders:  

Get SALT Encoding   

  12  0:01  Probe (Chrono Boost)  
  13  0:11  Probe (Chrono Boost)  
  14  0:21  Pylon  
  14  0:24  Probe (Chrono Boost)  
  15  0:39  Gateway  
  15  0:50  Probe (Chrono Boost)  
  15  0:56  Gateway  
  16  0:59  Assimilator  
  16  1:00  Probe (Chrono Boost)  
  18  1:11  Probe (Chrono Boost)  
  18  1:22  Probe (Chrono Boost)  
  19  1:27  Cybernetics Core  
  19  1:32  Probe (Chrono Boost)  
  20  1:43  Probe (Chrono Boost)  
  21  1:52  Pylon  
  21  1:53  Probe (Chrono Boost)  
  22  1:58  Pylon  
  22  2:04  Warp Gate  
  22  2:09  Stalker x2  
  26  2:17  Assimilator  
  26  2:31  Pylon  
  26  2:34  Gateway  
  26  2:36  Gateway  
  26  2:48  Stalker  
  28  2:57  Stalker  
  30  3:16  Pylon  
  30  3:29  Stalker  
  30  3:31  Stalker  
  30  3:32  Stalker  
  38  3:57  Mothership Core (Chrono Boost)  
  38  4:11  Zealot x4  
  40  4:37  Stalker x4  
  46  4:47  Pylon  
  46  5:00  Zealot x2  
  46  5:02  Zealot  
  50  5:11  Zealot  
  52  5:40  Stalker  
  52  5:41  Stalker x2  
  34  6:14  Stalker x4  
Tags
 
Add a new tag
Caveats
  • Supply blocks, unpowered buildings, or Contaminate may cause inaccurate times.
  • Supply counts are checked every 10 seconds.